APL (24 & UNDER)
SCOTTSDALE SCORPIONS @ NASHUA REDLEGS
08/15/2029
 
TOP OF THE 1ST
Scottsdale Scorpions batting - Pitching for Nashua Redlegs : RHP Cristo Balderas
Pitching: RHP Cristo Balderas
Batting: LHB Tony Ayala 0-0: Called Strike
0-1: Ball
1-1: Swinging Strike
1-2: Fly out, F8 (Flyball, 8LM)
Batting: RHB José Martínez 0-0: Ball
1-0: Ground out 1-3 (Groundball, 15S)
Batting: LHB Shawn Brown 0-0: Ball
1-0: Ball
2-0: SINGLE (Groundball, 56D)
Batting: RHB Javier Gonzáles 0-0: Ball
1-0: Foul Ball, location: 2F
1-1: Swinging Strike
1-2: Strikes out swinging
Top of the 1st over - 0 runs, 1 hit, 0 errors, 1 left on base; Scottsdale 0 - Nashua 0
BOTTOM OF THE 1ST
Nashua Redlegs batting - Pitching for Scottsdale Scorpions : RHP Miguel Yan
Pitching: RHP Miguel Yan
Batting: RHB Spencer Pritchett 0-0: Ground out 5-3 (Groundball, 56S)
Batting: RHB David Adams 0-0: Ball
1-0: Foul Ball, location: 2F
1-1: Foul Ball, location: 2F
1-2: Ball
2-2: Ball
3-2: Foul Ball, location: 2F
3-2: SINGLE (Flyball, 78S)
Batting: RHB Bob Fitzgerald 0-0: Ball
1-0: Ball
2-0: Called Strike
2-1: Ball
3-1: Base on Balls
David Adams to second
Batting: RHB Katsuhito Ohayashi 0-0: Called Strike
0-1: Called Strike
0-2: Ball
1-2: Foul Ball, location: 2F
1-2: Strikes out looking
Batting: RHB Ánibal Barrios 0-0: Called Strike
0-1: 3-RUN HOME RUN (Flyball, 7LD), Distance : 337 ft
Batting: RHB José Méndez 0-0: Called Strike
0-1: Ground out 5-3 (Groundball, 5L)
Bottom of the 1st over - 3 runs, 2 hits, 0 errors, 0 left on base; Scottsdale 0 - Nashua 3
TOP OF THE 2ND
Scottsdale Scorpions batting - Pitching for Nashua Redlegs : RHP Cristo Balderas
Batting: SHB Luis López 0-0: Ball
1-0: Called Strike
1-1: Foul Ball, location: 2F
1-2: Strikes out swinging
Batting: RHB José Méndez 0-0: Called Strike
0-1: Ball
1-1: Swinging Strike
1-2: Ball
2-2: Strikes out swinging
Batting: SHB Juan Gonzáles 0-0: Called Strike
0-1: Ball
1-1: Foul Ball, location: 2F
1-2: Ball
2-2: Ball
3-2: Fly out, F9 (Line Drive, 89M)
Top of the 2nd over - 0 runs, 0 hits, 0 errors, 0 left on base; Scottsdale 0 - Nashua 3
BOTTOM OF THE 2ND
Nashua Redlegs batting - Pitching for Scottsdale Scorpions : RHP Miguel Yan
Batting: RHB Jorge Valenzuela 0-0: Ball
1-0: Fly out, F6 (Popup, 4MD)
Batting: RHB José Luján 0-0: Called Strike
0-1: Foul Ball, location: 2F
0-2: Ball
1-2: Ball
2-2: Foul Ball, location: 2F
2-2: Foul Ball, location: 2F
2-2: Strikes out swinging
Batting: RHB António López 0-0: Called Strike
0-1: Foul Ball, location: 2F
0-2: Strikes out looking
Bottom of the 2nd over - 0 runs, 0 hits, 0 errors, 0 left on base; Scottsdale 0 - Nashua 3
TOP OF THE 3RD
Scottsdale Scorpions batting - Pitching for Nashua Redlegs : RHP Cristo Balderas
Batting: LHB Clayton Bailey 0-0: Ball
1-0: Ball
2-0: Foul Ball, location: 2F
2-1: Called Strike
2-2: Foul Ball, location: 2F
2-2: SOLO HOME RUN (Flyball, 89XD), Distance : 421 ft
Batting: RHB Miguel Ramos 0-0: SINGLE (Groundball, 56D)
Batting: LHB Tony Ayala 0-0: Ball
1-0: Ball
2-0: Ball
3-0: Base on Balls
Miguel Ramos to second
Batting: RHB José Martínez 0-0: Foul Ball, location: 2F
0-1: Ball
1-1: Fly out, F4 (Flyball, 34D)
Batting: LHB Shawn Brown 0-0: Ball
1-0: Called Strike
1-1: Fielders Choice at 2nd, 4-6 (Groundball, 4)
Miguel Ramos to third
Batting: RHB Javier Gonzáles 0-0: Called Strike
0-1: Ball
1-1: Ball
2-1: Ball
3-1: Called Strike
3-2: Foul Ball, location: 2F
3-2: Ground out U3 (Groundball, 3L)
Top of the 3rd over - 1 run, 2 hits, 0 errors, 2 left on base; Scottsdale 1 - Nashua 3
BOTTOM OF THE 3RD
Nashua Redlegs batting - Pitching for Scottsdale Scorpions : RHP Miguel Yan
Batting: RHB Spencer Pritchett 0-0: Ball
1-0: Called Strike
1-1: Ball
2-1: Called Strike
2-2: Ball
3-2: Base on Balls
Batting: RHB David Adams 0-0: Called Strike
Spencer Pritchett is caught stealing 2nd base
0-1: Foul Ball, location: 2F
0-2: Ball
1-2: Strikes out swinging
Batting: RHB Bob Fitzgerald 0-0: SINGLE (Groundball, 34D)
Batting: RHB Katsuhito Ohayashi 0-0: Called Strike
0-1: Swinging Strike
0-2: Fly out, F8 (Flyball, 8LD)
Bottom of the 3rd over - 0 runs, 1 hit, 0 errors, 1 left on base; Scottsdale 1 - Nashua 3
TOP OF THE 4TH
Scottsdale Scorpions batting - Pitching for Nashua Redlegs : RHP Cristo Balderas
Batting: SHB Luis López 0-0: Called Strike
0-1: Ball
1-1: Foul Ball, location: 2F
1-2: Foul Ball, location: 2F
1-2: Foul Ball, location: 2F
1-2: Ball
2-2: Ball
3-2: SOLO HOME RUN (Flyball, 9D), Distance : 352 ft
Batting: RHB José Méndez 0-0: Called Strike
0-1: Called Strike
0-2: Ball
1-2: Ball
2-2: Strikes out swinging
Batting: SHB Juan Gonzáles 0-0: Reached on error, E4 (Flyball, 34D)
Batting: LHB Clayton Bailey 0-0: Foul Ball, location: 2F
0-1: Ball
1-1: Grounds into double play, 6-4-3 (Groundball, 6)
Top of the 4th over - 1 run, 1 hit, 1 error, 0 left on base; Scottsdale 2 - Nashua 3
BOTTOM OF THE 4TH
Nashua Redlegs batting - Pitching for Scottsdale Scorpions : RHP Miguel Yan
Batting: RHB Ánibal Barrios 0-0: Ball
1-0: Ball
2-0: Fly out, F6 (Popup, 6M)
Batting: RHB José Méndez 0-0: Foul Ball, location: 2F
0-1: Ground out 5-3 (Groundball, 56)
Batting: RHB Jorge Valenzuela 0-0: Ball
1-0: Ball
2-0: Ball
3-0: Called Strike
3-1: Called Strike
3-2: SINGLE (Flyball, 7S)
Batting: RHB José Luján 0-0: Ground out 6-3 (Groundball, 6M)
Bottom of the 4th over - 0 runs, 1 hit, 0 errors, 1 left on base; Scottsdale 2 - Nashua 3
TOP OF THE 5TH
Scottsdale Scorpions batting - Pitching for Nashua Redlegs : RHP Cristo Balderas
Batting: RHB Miguel Ramos 0-0: Foul Ball, location: 2F
0-1: Ball
1-1: Foul Ball, location: 2F
1-2: Fly out, F6 (Line Drive, 6)
Batting: LHB Tony Ayala 0-0: Bunt for hit - play at first, batter OUT! 1-3
Batting: RHB José Martínez 0-0: Ball
1-0: Ball
2-0: Foul Ball, location: 2F
2-1: SINGLE (Line Drive, 6) (infield hit)
Batting: LHB Shawn Brown 0-0: Ball
1-0: Called Strike
1-1: Ball
2-1: Fly out, F4 (Flyball, 34D)
Top of the 5th over - 0 runs, 1 hit, 0 errors, 1 left on base; Scottsdale 2 - Nashua 3
BOTTOM OF THE 5TH
Nashua Redlegs batting - Pitching for Scottsdale Scorpions : RHP Miguel Yan
Batting: RHB António López 0-0: Ball
1-0: Ball
2-0: Called Strike
2-1: Foul Ball, location: 2F
2-2: Ball
3-2: Strikes out swinging
Batting: RHB Spencer Pritchett 0-0: Called Strike
0-1: Foul Ball, location: 2F
0-2: Strikes out looking
Batting: RHB David Adams 0-0: Ball
1-0: SINGLE (Line Drive, 7LM)
Batting: RHB Bob Fitzgerald 0-0: Ball
1-0: Ball
2-0: Called Strike
2-1: Ball
3-1: Fly out, F8 (Flyball, 8RM)
Bottom of the 5th over - 0 runs, 1 hit, 0 errors, 1 left on base; Scottsdale 2 - Nashua 3
TOP OF THE 6TH
Scottsdale Scorpions batting - Pitching for Nashua Redlegs : RHP Cristo Balderas
Batting: RHB Javier Gonzáles 0-0: Foul Ball, location: 2F
0-1: Called Strike
0-2: Foul Ball, location: 2F
0-2: Fly out, F8 (Line Drive, 78D)
Batting: SHB Luis López 0-0: Called Strike
0-1: SINGLE (Groundball, 6D)
Pinch Runner at 1st Bartolo Baruffaldi:
Batting: RHB José Méndez 0-0: Swinging Strike
0-1: Ball
1-1: Foul Ball, location: 2F
1-2: Fly out, F7 (Flyball, 78M)
Batting: SHB Juan Gonzáles 0-0: Ball
Bartolo Baruffaldi steals 2nd base
1-0: Called Strike
1-1: Called Strike
1-2: Foul Ball, location: 2F
1-2: Ball
2-2: Foul Ball, location: 2F
2-2: Strikes out swinging
Top of the 6th over - 0 runs, 1 hit, 0 errors, 1 left on base; Scottsdale 2 - Nashua 3
BOTTOM OF THE 6TH
Nashua Redlegs batting - Pitching for Scottsdale Scorpions : RHP Miguel Yan
Now in RF: Bartolo Baruffaldi
Batting: RHB Katsuhito Ohayashi 0-0: Called Strike
0-1: SINGLE (Groundball, 56D)
Batting: RHB Ánibal Barrios 0-0: Ball
1-0: Ball
2-0: Called Strike
2-1: Called Strike
2-2: Fly out, F7 (Line Drive, 7)
Pitching: RHP Rick Díaz
Batting: RHB José Méndez 0-0: Grounds into double play, 6-4-3 (Groundball, 56)
Bottom of the 6th over - 0 runs, 1 hit, 0 errors, 0 left on base; Scottsdale 2 - Nashua 3
TOP OF THE 7TH
Scottsdale Scorpions batting - Pitching for Nashua Redlegs : RHP Cristo Balderas
Pitching: LHP Alberto Ledezma
Now at SS: John Newman
Batting: LHB Clayton Bailey 0-0: Called Strike
0-1: Called Strike
0-2: Ball
1-2: DOUBLE (Line Drive, 8RD)
Batting: RHB Miguel Ramos 0-0: Ball
1-0: Foul Ball, location: 2F
1-1: Ground out 4-3 (Groundball, 4)
Clayton Bailey to third
Batting: LHB Tony Ayala 0-0: Ball
1-0: Fly out, F9 (Flyball, 9S)
Batting: RHB José Martínez 0-0: Ball
1-0: Fly out, F4 (Popup, 34S)
Top of the 7th over - 0 runs, 1 hit, 0 errors, 1 left on base; Scottsdale 2 - Nashua 3
BOTTOM OF THE 7TH
Nashua Redlegs batting - Pitching for Scottsdale Scorpions : RHP Rick Díaz
Batting: RHB Jorge Valenzuela 0-0: Ball
1-0: Ground out 6-3 (Groundball, 56)
Batting: RHB José Luján 0-0: Called Strike
0-1: Ball
1-1: Ball
2-1: Foul Ball, location: 2F
2-2: Ball
3-2: Fly out, F7 (Flyball, 7LD)
Batting: RHB António López 0-0: Ball
1-0: Called Strike
1-1: Ground out 4-3 (Groundball, 4M)
Bottom of the 7th over - 0 runs, 0 hits, 0 errors, 0 left on base; Scottsdale 2 - Nashua 3
TOP OF THE 8TH
Scottsdale Scorpions batting - Pitching for Nashua Redlegs : LHP Alberto Ledezma
Now in LF: Dave Warren
Batting: LHB Shawn Brown 0-0: Foul Ball, location: 2F
0-1: Ground out 4-3 (Groundball, 34)
Batting: RHB Javier Gonzáles 0-0: Ball
1-0: Ball
2-0: Called Strike
2-1: Foul Ball, location: 2F
2-2: SINGLE (Groundball, 6S) (infield hit)
Pinch Hitting: RHB Mike Hall 0-0: Swinging Strike
0-1: Ball
1-1: Ball
2-1: Called Strike
2-2: Fly out, F7 (Flyball, 78S)
Pitching: RHP Mike Green
Batting: RHB José Méndez 0-0: Ball
1-0: Ball
2-0: Foul Ball, location: 2F
2-1: Swinging Strike
2-2: Strikes out swinging
Top of the 8th over - 0 runs, 1 hit, 0 errors, 1 left on base; Scottsdale 2 - Nashua 3
BOTTOM OF THE 8TH
Nashua Redlegs batting - Pitching for Scottsdale Scorpions : RHP Rick Díaz
Now at 1B: Mike Hall
Batting: RHB Spencer Pritchett 0-0: Ball
1-0: Called Strike
1-1: Foul Ball, location: 2F
1-2: Ball
2-2: Strikes out swinging
Batting: RHB David Adams 0-0: Ball
1-0: SINGLE (Flyball, 89S)
Batting: RHB Bob Fitzgerald 0-0: Called Strike
0-1: Ball
1-1: Fly out, F9 (Flyball, 9D)
Batting: RHB Katsuhito Ohayashi 0-0: Ball
1-0: Called Strike
1-1: Foul Ball, location: 2F
1-2: 2-RUN HOME RUN (Flyball, 7LD), Distance : 328 ft
Pitching: RHP José Alvarado
Batting: RHB John Newman 0-0: Called Strike
0-1: Swinging Strike
0-2: Foul Ball, location: 2F
0-2: Strikes out swinging
Bottom of the 8th over - 2 runs, 2 hits, 0 errors, 0 left on base; Scottsdale 2 - Nashua 5
TOP OF THE 9TH
Scottsdale Scorpions batting - Pitching for Nashua Redlegs : RHP Mike Green
Pitching: LHP Emory Contreras
Batting: SHB Juan Gonzáles 0-0: Called Strike
0-1: Swinging Strike
0-2: Ball
1-2: Ball
2-2: Fly out, F9 (Flyball, 9S)
Batting: LHB Clayton Bailey 0-0: Called Strike
0-1: Called Strike
0-2: Strikes out swinging
Batting: RHB Miguel Ramos 0-0: Ball
1-0: Swinging Strike
1-1: Ground out 1-3 (Groundball, P)
Top of the 9th over - 0 runs, 0 hits, 0 errors, 0 left on base; Scottsdale 2 - Nashua 5
Saturday, December 16th, 2017 - OOTP Baseball 18.8 Build 76